 Dungeon Sprint DCSS version 0.29-a0-653-gd47aff6735 (webtiles) character file.

Game seed: 1213976066336971903

167 purpskrrrp the Shield-Bearer (level 5, -5/48 HPs)
             Began as a Formicid Fighter on June 22, 2022.
             Was an Initiate of Makhleb.
             Succumbed to a killer bee's poison
             ... in the Dungeon (Sprint IV: "Fedhas' Mad Dash").
             The game lasted 00:06:30 (656 turns).

purpskrrrp the Shield-Bearer (Formicid Fighter)      Turns: 656, Time: 00:06:30

Health: -5/48      AC:  7    Str: 23    XL:     5   Next: 76%
Magic:  5/5        EV:  9    Int:  7    God:    Makhleb [......]
Gold:   58         SH:  6    Dex: 13    Spells: 4/4 levels left

rFire   . . .      SeeInvis +   a - +0 flail
rCold   . . .      Faith    .   c - +0 buckler
rNeg    . . .      Spirit   .   b - +0 scale mail
rPois   .          Reflect  .   (helmet unavailable)
rElec   .          Harm     .   (no cloak)
rCorr   .          Rampage  .   (no gloves)
Will    .....                   (no boots)
Stlth   ..........              j - amulet of invisibility {+Inv}
HPRegen 0.16/turn               (no ring)
MPRegen 0.09/turn               (no ring)

@: mighty, lethally poisoned (-5 -> -29)
A: permanent stasis, dig shafts and tunnels, antennae 3, four strong arms
a: Dig, Renounce Religion, Evoke Invisibility


You were in the Dungeon.
You worshipped Makhleb.
Makhleb was noncommittal.
You visited 1 branch You collected 58 gold pieces.

Inventory:

Hand Weapons
 a - a +0 flail (weapon)
Armour
 b - a +0 scale mail (worn)
 c - a +0 buckler (worn)
 h - a +0 ring mail
Jewellery
 j - the amulet of invisibility (around neck) {+Inv}
   (You found it in the Dungeon)

   [amulet of nothing]

   +Inv:      It lets you turn invisible.
Potions
 g - 2 potions of magic


   Skills:
 + Level 7.4 Fighting
 + Level 4.4 Maces & Flails
 + Level 7.2 Armour
 + Level 0.5 Stealth
 + Level 7.8 Shields


You had 4 spell levels left.
You didn't know any spells.
Your spell library was empty.

Dungeon Overview and Level Annotations

Branches:
Dungeon (1/1)

Altars:
Cheibriados
Dithmenos
Elyvilon
Gozag
Hepliaklqana
Kikubaaqudgha
Makhleb
Nemelex Xobeh
Okawaru
Qazlal
Ru
Sif Muna
Trog
Uskayaw
Vehumet
Wu Jian
Xom
Yredelemnul
Zin
The Shining One
Beogh
Jiyva
Lugonu


Innate Abilities, Weirdness & Mutations

You cannot be hasted, slowed, berserked, paralysed or teleported.
You can dig through walls and to a lower floor.
You have a pair of large antennae on your head. (SInv)
Your four strong arms can wield two-handed weapons with a shield.


Message History

A killer bee comes into view.
A killer bee comes into view.
The killer bee buzzes angrily. x2
The killer bee stings you but does no damage.
You sock the killer bee!
The killer bee is heavily wounded.
You block the killer bee's attack. The killer bee stings you.
You are poisoned.
The killer bee poisons you! The killer bee stings you!
You are more poisoned.
The killer bee poisons you!
The killer bee attacks as you move away!
The killer bee closely misses you.
You feel very sick. The killer bee stings you.
The killer bee stings you but does no damage.
You block the killer bee's attack.
The killer bee attacks as you move away!
You block the killer bee's attack.
The killer bee attacks as you move away!
The killer bee stings you.
* * * LOW HITPOINT WARNING * * *
You feel very sick. The killer bee stings you.
* * * LOW HITPOINT WARNING * * *
You are more poisoned.
The killer bee poisons you!
* * * LOW HITPOINT WARNING * * *
You feel very sick.
The killer bee stings you but does no damage.
The killer bee attacks as you move away!
The killer bee closely misses you.
* * * LOW HITPOINT WARNING * * *
You feel very sick. You block the killer bee's attack.
The killer bee stings you.
* * * LOW HITPOINT WARNING * * *
You are more poisoned.
The killer bee poisons you! You block the killer bee's attack.
You feel very mighty all of a sudden.
You die...

###########################
#<..P#.....#.....#.⌠._._._.
#P...'.÷...'.#.[.'.._._._._
#P...#.....#.#...#..._._._.
###############'##.._._._._
#...♣..yyy@..'...#._._._._.
#......♣yy...#...##########
#.....♣..♣..######
##+####+##### { { { { { { {


You could see a queen bee and 4 killer bees.

Vanquished Creatures
  A scorpion (D)
  3 oklob saplings (D)
  A river rat (D)
  A rat (D)
6 creatures vanquished.

Vanquished Creatures (others)
  4 fungi (D)
4 creatures vanquished.

Grand Total: 10 creatures vanquished

Notes
Turn   | Place    | Note
-------+----------+-------------------------------------------
     0 | D        | purpskrrrp the Formicid Fighter began the quest for the
                  | Orb.
     0 | D        | Reached XP level 1. HP: 18/18 MP: 1/1
    25 | D        | Reached XP level 2. HP: 17/25 MP: 2/2
    29 | D        | Reached skill level 5 in Shields
   129 | D        | Noticed an oklob sapling
   177 | D        | Killed an oklob sapling
   178 | D        | Reached skill level 5 in Fighting
   178 | D        | Reached skill level 5 in Armour
   178 | D        | Reached XP level 3. HP: 33/33 MP: 3/3
   179 | D        | Noticed a scorpion
   179 | D        | Found the amulet of invisibility {+Inv}
   181 | D        | Killed a scorpion
   182 | D        | Reached XP level 4. HP: 28/40 MP: 4/4
   369 | D        | Found an opulent altar of Gozag.
   369 | D        | Found a hazy altar of Hepliaklqana.
   369 | D        | Found a snail-covered altar of Cheibriados.
   370 | D        | Found a viscous altar of Jiyva.
   370 | D        | Found a burning altar of Makhleb.
   370 | D        | Found a sparkling altar of Nemelex Xobeh.
   370 | D        | Found a sacrificial altar of Ru.
   370 | D        | Found a shimmering blue altar of Sif Muna.
   370 | D        | Found a bloodstained altar of Trog.
   370 | D        | Found an ornate altar of the Wu Jian Council.
   370 | D        | Found a shimmering altar of Xom.
   370 | D        | Found a basalt altar of Yredelemnul.
   370 | D        | Noticed an oklob sapling priest
   371 | D        | Found an iron altar of Okawaru.
   371 | D        | Found a glowing silver altar of Zin.
   371 | D        | Found a shadowy altar of Dithmenos.
   372 | D        | Found a hide-covered altar of Uskayaw.
   372 | D        | Found an ancient bone altar of Kikubaaqudgha.
   374 | D        | Found a glowing golden altar of the Shining One.
   374 | D        | Found a stormy altar of Qazlal.
   374 | D        | Found a white marble altar of Elyvilon.
   375 | D        | Found a radiant altar of Vehumet.
   375 | D        | Found a corrupted altar of Lugonu.
   379 | D        | HP: 1/40 [oklob sapling priest/divine providence (12)]
   382 | D        | Killed an oklob sapling priest
   383 | D        | Reached XP level 5. HP: 15/48 MP: 5/5
   596 | D        | Became a worshipper of Makhleb the Destroyer
   649 | D        | Noticed a queen bee
   655 | D        | HP: 2/48 [poisoned by a killer bee]
   656 | D        | Succumbed to a killer bee's poison

Illustrated notes

Levels and vault maps discovered:
D:        dungeon_sprint_fedhas [sprint_temple]

Skill      XL: |  1  2  3  4  5 |
---------------+----------------+-----
Fighting       | 4 5 6 7 |  7.4
Armour         | 4 5 6 7 |  7.2
Shields        | 5 6 7 |  7.8
Maces & Flails | 3 4 |  4.4
Stealth        | |  0.5

Action                   |  1- 3 |  4- 6 || total
-------------------------+-------+-------++-------
Melee: Flail             |    25 |    14 ||    39
 Abil: Dig               |     1 |       ||     1
  Use: Potion            |       |     3 ||     3
       Scroll            |       |     1 ||     1
Armor: Scale mail        |     5 |     3 ||     8
Dodge: Dodged            |     4 |     3 ||     7
Block: Buckler           |       |     6 ||     6

Table legend: (Time is in decaauts)
 A = Elapsed time spent in this place.
 B = Non-inter-level travel time spent in this place.
 C = Inter-level travel time spent in this place.
 D = Time resting spent in this place.
 E = Time spent auto-exploring this place.
 F = Levels seen in this place.
 G = Mean time per level.
                   A        B        C        D        E       F      G
               +--------+--------+--------+--------+--------+-----+--------+
         Total |    667 |    628 |     39 |    502 |      0 |   1 |  667.0 |
       Dungeon |    667 |    628 |     39 |    502 |      0 |   1 |  667.0 |
               +--------+--------+--------+--------+--------+-----+--------+

Top non-repeatable levels by time:
       D: 667 daAuts
